 Dungeon Crawl Stone Soup version 0.28-a0-1080-g05a166d0ed (webtiles) character file.

Game seed: 17721573489799464158

9 ytrimaz the Insei (level 1, 16/16 HPs)
             Began as a Demigod Transmuter on Dec 9, 2021.
             Quit the game on level 1 of the Dungeon.
             The game lasted 00:00:33 (1237 turns).

ytrimaz the Insei (Demigod Transmuter)              Turns: 1237, Time: 00:00:34

Health: 16/16      AC:  2    Str: 11    XL:     1   Next: 93%
Magic:  5/5        EV: 12    Int: 15    God:
Gold:   61         SH:  0    Dex: 14    Spells: 2/3 levels left

rFire   . . .      SeeInvis .     - Unarmed
rCold   . . .      Faith    .   (no shield)
rNeg    . . .      Spirit   .   a - +0 robe
rPois   .          Reflect  .   (no helmet)
rElec   .          Harm     .   (no cloak)
rCorr   .          Rampage  .   (no gloves)
Will    .....                   (no boots)
Stlth   +.........              (no amulet)
HPRegen 0.05/turn               (no ring)
MPRegen 0.09/turn               (no ring)

@: weak-willed, very slow
A: high mp 1, forlorn, divine attributes
a: no special abilities


You were on level 1 of the Dungeon.
You visited 1 branch of the dungeon, and saw 1 of its levels.

You collected 61 gold pieces.

Inventory:

Armour
 a - a +0 robe (worn)
Scrolls
 c - a scroll of teleportation
Potions
 b - a potion of brilliance {unknown}
 d - a potion of lignification {unknown}
 f - 2 potions of berserk rage {unknown}
 g - a potion of heal wounds {unknown}


   Skills:
 * Level 1.1 Fighting
 - Level 1.7 Dodging
 + Level 3.0 Unarmed Combat
 + Level 1.9 Spellcasting
 + Level 1.9 Transmutations


You had 2 spell levels left.
You knew the following spells:

 Your Spells              Type           Power      Damage    Failure   Level
a - Beastly Appendage     Tmut           14%        N/A       11%         1

Your spell library contained the following spells:

 Spells                   Type           Power      Damage    Failure   Level
 Wereblood                Tmut           7%         N/A       16%         2
 Spider Form              Tmut/Pois      4%         N/A       41%         3
 Ice Form                 Ice/Tmut       4%         N/A       83%         4


Dungeon Overview and Level Annotations

Branches:
Dungeon (1/15)


Innate Abilities, Weirdness & Mutations

You have an increased reservoir of magic. (+10% MP)
You shall have no god before yourself.
Your divine heritage dramatically boosts your attributes as you level up.


Message History

A ball python is nearby!
A ball python is nearby!
You extend your transformation's duration.
The ball python bites you. The ball python grabs you.
The ball python constricts you. The ball python barely misses you.
The ball python constricts you.
You are too injured to fight recklessly!
You are too injured to fight recklessly!
You are too injured to fight recklessly!
Unknown command.
You hit the ball python.
The ball python is moderately wounded.
Your transformation is almost over.
The ball python bites you. The ball python constricts you.
You hit the ball python.
You kill the ball python!
Your Unarmed Combat skill increases to level 3!
Your horns disappear.
Your talons disappear.
Key pressed, stopping explore.
Found a stone staircase leading down.
Found a faded altar of an unknown god.
Are you sure you want to abandon this character and quit the game? (Confirm with "yes".)
Okay, then.
g - an inky potion
There is an open door here.
There is an open door here.
You see here a +0 hand axe.
There is an open door here.
There is an open door here.
Key pressed, stopping explore.
You enter the shallow water.
Moving in this stuff is going to be slow.
Partly explored, can't reach some places.
Partly explored, can't reach some places.
Partly explored, can't reach some places.
Partly explored, can't reach some places.
As you read the scroll labelled BILUBENGYMP, it crumbles to dust.
Magic quickly surges around you.
It was a scroll of vulnerability.
Unknown command.
Are you sure you want to abandon this character and quit the game? (Confirm with "yes".)

#.........#.#################.
####.........#...................
.........................>.......
##.#.#.###########...............
#.#.#.# #.........######..
#.#.#.# #####..##......###.#
#.#.#.# ##≈≈≈≈≈.............#
##.#.#.# ###≈≈≈≈≈≈≈........##..#
.....#.####≈≈≈≈≈@≈≈≈≈....))......
##.###...####≈≈≈≈≈≈≈≈≈....#######
##.# ###.# #####≈≈≈≈............
.#.# #.# #≈≈≈≈≈.'########## .#.#
#.# #≈≈≈≈.≈....# #.... .#.# #.#
#.≈≈≈≈.....# #.### .#.#
#.#######.≈≈≈≈≈....###.# .#.#
#.........≈≈≈≈≈........# .#.#
#.######..≈≈≈≈.....#####


There were no monsters in sight!

Vanquished Creatures
  3 goblins (D:1)
  A hobgoblin (D:1)
  A quokka (D:1)
  2 ball pythons (D:1)
  A bat (D:1)
8 creatures vanquished.

Notes
Turn   | Place    | Note
-------+----------+-------------------------------------------
     0 | D:1      | ytrimaz the Demigod Transmuter began the quest for the Orb.
     0 | D:1      | Reached XP level 1. HP: 15/15 MP: 5/5
   154 | D:1      | Reached skill level 1 in Fighting
   861 | D:1      | Reached skill level 3 in Unarmed Combat
  1237 | D:1      | Quit the game

Illustrated notes

Levels and vault maps discovered:
D:1:      saegor_arrival_simple_d, layout_basic,
          nicolae_ecumenical_snake_handling, chequers_serial_rivers_large_a

Skill      XL: |  1 |
---------------+----+-----
Fighting       | 1 |  1.1
Unarmed Combat | 3 |  3.0
Dodging        | |  1.7
Spellcasting   | |  1.9
Transmutations | |  1.9

Action                   || total
-------------------------++-------
Melee: Unarmed           ||    22
       Kick              ||     4
 Cast: Beastly Appendage ||     7
  Use: Scroll            ||     2
 Stab: Sleeping          ||     1
Armor: Robe              ||     7
Dodge: Dodged            ||    15

Table legend: (Time is in decaauts)
 A = Elapsed time spent in this place.
 B = Non-inter-level travel time spent in this place.
 C = Inter-level travel time spent in this place.
 D = Time resting spent in this place.
 E = Time spent auto-exploring this place.
 F = Levels seen in this place.
 G = Mean time per level.
                   A        B        C        D        E       F      G
               +--------+--------+--------+--------+--------+-----+--------+
         Total |   1246 |   1246 |      0 |      0 |   1156 |   1 | 1246.0 |
       Dungeon |   1246 |   1246 |      0 |      0 |   1156 |   1 | 1246.0 |
               +--------+--------+--------+--------+--------+-----+--------+

Top non-repeatable levels by time:
     D:1: 1246 daAuts
